 Dungeon Crawl Stone Soup version 0.20.1-1-g8b1a95d (webtiles) character file.

55 dohliylev the Sneak (level 3, -26/24 HPs)
             Began as a Vampire Enchanter on July 13, 2017.
             Killed from afar by a jackal (29 damage)
             ... with an exploding inner flame
             ... hexed by the player character
             ... on level 3 of the Dungeon.
             The game lasted 00:07:07 (1594 turns).

dohliylev the Sneak (Vampire Enchanter)             Turns: 1594, Time: 00:07:09

Health: -26/24     AC:  2    Str:  7    XL:     3   Next: 67%
Magic:  2/6        EV: 13    Int: 18    God:
Gold:   104        SH:  0    Dex: 14    Spells: 3/6 levels left

rFire    . . .     SeeInvis +   g - +0 short sword (curse)
rCold    . . .     Gourm    .   (no shield)
rNeg     + . .     Faith    .   b - +0 robe
rPois    .         Spirit   .   (no helmet)
rElec    .         Reflect  .   (no cloak)
rCorr    .         Harm     .   (no gloves)
MR       .....                  (no boots)
Stlth    +++.......             (no amulet)
Regen    0.1/turn               (no ring)
MPRegen  0.1/turn               (no ring)

@: no status effects
A: fangs 3, see invisible, unbreathing
a: Bat Form


You were on level 3 of the Dungeon.
You were not thirsty.

You visited 1 branch of the dungeon, and saw 3 of its levels.

You collected 104 gold pieces.

Inventory:

Hand Weapons
 a - a +1 dagger
 g - a cursed +0 short sword (weapon)
 q - a +0 dagger of venom
Armour
 b - a +0 robe (worn)
Scrolls
 h - a scroll of fog
 n - a scroll of fear
 p - a scroll of amnesia
Potions
 d - 19 potions of blood
 e - a potion of flight {unknown}
 f - a potion of curing {unknown}
 j - a potion of magic {unknown}
 l - a potion of haste {unknown}
 m - a potion of heal wounds {unknown}
 o - 2 potions of mutation {unknown}
Books
 c - a book of Maledictions

   Spells                             Type                      Level
   a - Corona                         Hexes                        1
   b - Ensorcelled Hibernation        Hexes/Ice                    2
   c - Confuse                        Hexes                        3
   d - Tukima's Dance                 Hexes                        3
   e - Dazzling Spray                 Conjuration/Hexes            3


   Skills:
 + Level 0.1 Fighting
 * Level 2.1 Short Blades
 + Level 2.5 Dodging
 + Level 5.3 Stealth
 + Level 2.1 Spellcasting
 + Level 4.9 Hexes
 + Level 0.2 Ice Magic


You had 3 spell levels left.
You knew the following spells:

 Your Spells              Type           Power        Failure   Level  Hunger
a - Corona                Hex            ###....      2%          1    #......
b - Ensorcelled Hibernat  Hex/Ice        ##....       10%         2    ###....


Dungeon Overview and Level Annotations

Branches:
Dungeon (3/15)

Altars:
Sif Muna


Innate Abilities, Weirdness & Mutations

You have razor-sharp teeth.
You have supernaturally acute eyesight. (SInv)
You can survive without breathing.


Message History

The creatures around you are filled with an inner flame!
The bullfrog hits you!
* * * LOW HITPOINT WARNING * * *
The jackal bites you but does no damage.
You closely miss the jackal. The jackal completely misses you.
The bullfrog hits you.
* * * LOW HITPOINT WARNING * * *
The jackal closely misses you. The bullfrog closely misses you.
The jackal bites you.
* * * LOW HITPOINT WARNING * * *
The jackal bites you.
* * * LOW HITPOINT WARNING * * *
You hit the jackal.
The jackal explodes!
The fiery explosion engulfs the jackal.
The jackal explodes!
The fiery explosion engulfs you!
Ouch! That really hurt!
You die...

.###.....# #.. ...#.....#
#.. #.......# #..
##......## #... #........#
#...##......#
#.#..#......#
#......).§§@#
#.....)..§§§#
#.........§F#
#.[.........#
##...........# ### #
#............### ...#
#.###..............# .....
#.....##...........#......
#......................


You could see a bullfrog (inner flame).

Vanquished Creatures
  A dart slug (D:1)
  An orc (D:2)
  2 giant cockroaches (D:1)
  8 goblins
  7 hobgoblins
  7 kobolds
  A ball python (D:2)
  11 bats
  2 frilled lizards
  9 rats
49 creatures vanquished.

Notes
Turn   | Place    | Note
-------+----------+-------------------------------------------
     0 | D:1      | dohliylev the Vampire Enchanter began the quest for the Orb.
     0 | D:1      | Reached XP level 1. HP: 13/13 MP: 3/3
   200 | D:1      | Reached XP level 2. HP: 8/19 MP: 5/5
   204 | D:1      | Learned a level 2 spell: Ensorcelled Hibernation
   441 | D:1      | Reached skill level 5 in Stealth
   960 | D:2      | Reached XP level 3. HP: 22/24 MP: 1/6
  1282 | D:2      | Found a deep blue altar of Sif Muna.
  1580 | D:3      | Noticed a bullfrog
  1594 | D:3      | Killed from afar by a jackal

Skill      XL: |  1  2  3 |
---------------+----------+-----
Stealth        | 5 |  5.3
Short Blades   | 2 |  2.1
Fighting       | |  0.1
Dodging        | |  2.5
Spellcasting   | |  2.1
Hexes          | |  4.9
Ice Magic      | |  0.2

Action                   || total
-------------------------++-------
Melee: Dagger            ||   125
       Bite              ||    12
       Short sword       ||    17
 Cast: Corona            ||     3
       Ensorcelled Hiber ||    27
  Use: Scroll            ||     5
 Stab: Sleeping          ||    22
  Eat: Corpse            ||     9
Armor: Robe              ||    45
Dodge: Dodged            ||   165
